 Dungeon Crawl Stone Soup version 0.30-a0-509-gd016549fea (webtiles) character file.

Game seed: 11011666022408069025

8 hikkokomori the Firebug (level 2, 0/19 HPs)
             Began as a Demonspawn Fire Elementalist on Dec 23, 2022.
             Slain by a quokka (2 damage)
             ... on level 1 of the Dungeon.
             The game lasted 00:00:54 (242 turns).

hikkokomori the Firebug (DsFE)                       Turns: 242, Time: 00:00:54

Health: 0/19       AC:  2    Str:  8    XL:     2   Next: 0%
Magic:  0/5        EV: 12    Int: 16    God:
Gold:   28         SH:  0    Dex: 13    Spells: 4/5 levels left

rFire   . . .      SeeInvis .    e - +0 club
rCold   . . .      Faith    .    (no shield)
rNeg    . . .      Spirit   .    a - +0 robe
rPois   .          Reflect  .    (helmet restricted)
rElec   .          Harm     .    (no cloak)
rCorr   .          Rampage  .    (no gloves)
Will    .....                    (no boots)
Stlth   ++........               (no amulet)
HPRegen 0.23/turn                (no ring)
MPRegen 0.09/turn                (no ring)

@: very slightly contaminated
A: antennae 1
a: no special abilities


You were on level 1 of the Dungeon.
You visited 1 branch of the dungeon, and saw 1 of its levels.

You collected 28 gold pieces.

Inventory:

Hand Weapons
 e - a +0 club (weapon)
Armour
 a - a +0 robe (worn)
Scrolls
 d - a scroll of noise {unknown}
Potions
 b - a potion of magic
 c - a potion of curing {unknown}
 f - a potion of might {unknown}


   Skills:
 - Level 1.7 Dodging
 - Level 1.7 Stealth
 + Level 2.3 Spellcasting
 - Level 1.0 Conjurations
 + Level 3.0 Fire Magic


You had 4 spell levels left.
You knew the following spells:

 Your Spells              Type           Power      Damage    Failure   Level
a - Foxfire               Conj/Fire      32%        2x1d5     9%          1

Your spell library contained the following spells:

 Spells                   Type           Power      Damage    Failure   Level
 Scorch                   Fire           22%        2d6       9%          2
 Inner Flame              Hex/Fire       6%         N/A       32%         3
 Kindle Blastsparks       Fire/Tloc/Air  10%        2d10      38%         3
 Flame Wave               Conj/Fire      8%         2d5       65%         4


Dungeon Overview and Level Annotations

Branches:
Dungeon (1/15)

Altars:


Innate Abilities, Weirdness & Mutations

You have a pair of small antennae on your head.


Message History

You hit the frilled lizard.
The frilled lizard is heavily wounded.
The frilled lizard misses you.
You barely miss the frilled lizard.
The frilled lizard is heavily wounded.
The kobold shouts!
The frilled lizard barely misses you.
You hit the frilled lizard.
You kill the frilled lizard!
Casting: Foxfire (safe; 9% risk of failure)
Confirm with . or Enter, or press ? or * to list all spells.
You miscast Foxfire.
You are very lightly contaminated with residual magic.
Nothing appears to happen.
Unknown command.
Casting: Foxfire (safe; 9% risk of failure)
Confirm with . or Enter, or press ? or * to list all spells.
You miscast Foxfire.
Nothing appears to happen.
The quokka bites you.
Casting: Foxfire (safe; 9% risk of failure)
Confirm with . or Enter, or press ? or * to list all spells.
You conjure some foxfire!
The quokka barely misses you.
Casting: Foxfire (safe; 9% risk of failure)
Confirm with . or Enter, or press ? or * to list all spells.
You don't know that spell.
Unknown command.
The kobold attacks as you move away! The kobold hits you with a +0 whip.
Found a glowing scarf.
The foxfire hits the kobold.
The kobold is moderately wounded.
The foxfire hits the kobold.
You kill the kobold!
The quokka bites you.
* * * LOW HITPOINT WARNING * * *
Your Fire Magic skill increases to level 3!
You have reached level 2!
Your demonic ancestry asserts itself...
A pair of antennae grows on your head!
You hit the quokka.
The quokka is moderately wounded.
The quokka bites you.
You die...

.).........# #.#...#
#.........### #.....#
#...........###.....#
#.#.................
#.#..#.#.......####.
#####.##.....####..####.
...........####.........
........#§.## #...†...>#
.....>.@....# #........#
........r)..# #........#
............# #........#
......(....## ##########
........#...#
[.......##...# ........#
..... ........# .....


You could see a quokka.

Vanquished Creatures
  A dart slug (D:1)
  A goblin (D:1)
  A hobgoblin (D:1)
  A bat (D:1)
  A frilled lizard (D:1)
  A kobold (D:1)
  A rat (D:1)
7 creatures vanquished.

Vanquished Creatures (others)
  10 foxfires (D:1)
10 creatures vanquished.

Grand Total: 17 creatures vanquished

Notes
Turn   | Place    | Note
-------+----------+-------------------------------------------
     0 | D:1      | hikkokomori the Demonspawn Fire Elementalist began the
                  | quest for the Orb.
     0 | D:1      | Reached XP level 1. HP: 13/13 MP: 3/3
   242 | D:1      | Reached skill level 3 in Fire Magic
   242 | D:1      | Gained mutation: You have a pair of small antennae on your
                  | head. [demonic ancestry]
   242 | D:1      | Reached XP level 2. HP: 2/19 MP: 0/5
   242 | D:1      | Slain by a quokka

Illustrated notes

Levels and vault maps discovered:
D:1:      tarquinn_simple_flora_water_d, layout_rooms

Skill      XL: |  1 |
---------------+----+-----
Fire Magic     | 3 |  3.0
Dodging        | |  1.7
Stealth        | |  1.7
Spellcasting   | |  2.3
Conjurations   | |  1.0

Action                   || total
-------------------------++-------
Melee: Club              ||    10
       Unarmed           ||     7
       Punch             ||     1
 Cast: Foxfire           ||     5
Armor: Robe              ||     3
Dodge: Dodged            ||    13

Table legend: (Time is in decaauts)
 A = Elapsed time spent in this place.
 B = Non-inter-level travel time spent in this place.
 C = Inter-level travel time spent in this place.
 D = Time resting spent in this place.
 E = Time spent auto-exploring this place.
 F = Levels seen in this place.
 G = Mean time per level.
                   A        B        C        D        E       F      G
               +--------+--------+--------+--------+--------+-----+--------+
         Total |    244 |    244 |      0 |      0 |    185 |   1 |  244.0 |
       Dungeon |    244 |    244 |      0 |      0 |    185 |   1 |  244.0 |
               +--------+--------+--------+--------+--------+-----+--------+

Top non-repeatable levels by time:
     D:1: 244 daAuts
